 Dungeon Crawl Stone Soup version 0.31-a0-1616-gbeaec30 (webtiles) character file.

Game seed: 78631208539409095

7274 PidgeyThePirate the Slicer (level 10, 0/65 (76) HPs)
             Began as a Demonspawn Gladiator on Jan 10, 2024.
             Was an Initiate of Nemelex Xobeh.
             Killed by divine providence
             ... invoked by Jeremiah
              (17 damage)
             ... on level 8 of the Dungeon.
             The game lasted 00:22:10 (9585 turns).

PidgeyThePirate the Slicer (Demonspawn Gladiator)   Turns: 9585, Time: 00:22:12

HP:   0/65 (76)     AC: 12    Str: 14    XL:     10   Next: 89%
MP:   25/25         EV: 16    Int:  9    God:    Nemelex Xobeh [......]
Gold: 412           SH:  0    Dex: 19    Spells: 9/9 levels left

rFire   . . .        a - +0 rapier
rCold   . . .        (no shield)
rNeg    . . .        G - +0 steam dragon scales
rPois   +            E - +1 hat
rElec   +            (no cloak)
rCorr   .            (no gloves)
SInv    .            v - +0 pair of boots
Will    .....        (no amulet)
Stlth   +++          j - ring of poison resistance
HPRegen 0.30/turn    m - ring of magical power
MPRegen 0.19/turn

%: no passive effects
@: heavily drained
A: antennae 1, thin metallic scales 3, demonic guardian 2
a: Renounce Religion, Draw Escape, Draw Destruction, Draw Summoning


You were on level 8 of the Dungeon.
You worshipped Nemelex Xobeh.
Nemelex Xobeh was noncommittal.
You visited 2 branches of the dungeon, and saw 10 of its levels.

You collected 412 gold pieces.

Inventory:

Hand Weapons
 a - a +0 rapier (weapon)
 n - a +0 rapier of draining
 H - a +2 dagger of venom
Missiles
 d - 4 throwing nets (quivered)
 e - a javelin
Armour
 b - a +0 leather armour
 c - a +0 helmet
 h - a +0 ring mail
 v - a +0 pair of boots (worn)
 E - a +1 hat (worn)
 G - +0 steam dragon scales (worn)
Jewellery
 j - a ring of poison resistance (left hand)
 m - a ring of magical power (right hand)
Wands
 w - a wand of paralysis (7)
 x - a wand of light (10)
 A - a wand of digging (5)
 F - a wand of mindburst (17)
 L - a wand of polymorph (9)
Scrolls
 f - 2 scrolls of poison {unknown}
 g - 2 scrolls of enchant weapon {unknown}
 k - 7 scrolls of identify {unknown}
 l - 5 scrolls of teleportation {unknown}
 o - 4 scrolls of blinking
 p - a scroll of brand weapon {unknown}
 q - 3 scrolls of fog {unknown}
 r - a scroll of torment {unknown}
 s - 3 scrolls of acquirement {unknown}
 t - a scroll of fear {unknown}
 u - 3 scrolls of revelation {unknown}
 y - 2 scrolls of noise {unknown}
 D - a scroll of summoning {unknown}
 I - a scroll of enchant armour {unknown}
 J - 2 scrolls of amnesia {unknown}
 M - a scroll of immolation {unknown}
Potions
 z - 2 potions of degeneration
 B - a potion of attraction
 C - a potion of berserk rage
 K - a potion of resistance


   Skills:
 + Level 6.2 Fighting
 - Level 10.0 Short Blades
 + Level 1.9 Throwing
 + Level 5.1 Armour
 + Level 6.3 Dodging
 + Level 4.3 Stealth
 * Level 8.8 Invocations


You had 9 spell levels left.
You didn't know any spells.
Your spell library contained the following spells:

 Spells                   Type           Power      Damage    Failure   Level
 Dazzling Flash           Conj/Hex       0%         N/A       77%         3
 Frozen Ramparts          Ice            0%         1d1       77%         3
 Volatile Blastmotes      Fire/Tloc      0%         2d10      77%         3
 Leda's Liquefaction      Alch/Erth      0%         N/A       99%         4
 Petrify                  Alch/Erth      0%         N/A       99%         4
 Vhi's Electric Charge    Tloc/Air       0%         N/A       99%         4
 Arcjolt                  Conj/Air       0%         1d10      100%        5
 Metabolic Englaciation   Hex/Ice        0%         N/A       100%        5
 Starburst                Conj/Fire      0%         6d3       100%        6
 Maxwell's Capacitive Co  Air            0%         ∞         100%        8


Dungeon Overview and Level Annotations

Branches:
Dungeon (9/15)             Temple (1/1) D:7            Lair (0/5) D:8
    Orc: D:9-12

Altars:
Ashenzari
Cheibriados
Fedhas
Gozag
Hepliaklqana
Kikubaaqudgha
Makhleb
Nemelex Xobeh
Okawaru
Qazlal
Ru
Sif Muna
Uskayaw
Vehumet
Wu Jian
Xom
Yredelemnul

Shops:
D:3 [   D:4 :*   D:8 =

Annotations:
D:8 Jeremiah


Innate Abilities, Weirdness & Mutations

You have a pair of small antennae on your head.
You are completely covered in thin metallic scales. (AC +4, rElec)
A demonic guardian rushes to your aid.


Message History

The butterfly disappears in a burst of colours!
The butterfly disappears in a burst of colours!
The butterfly disappears in a burst of colours!
Jeremiah closely misses you.
You hit Jeremiah.
Jeremiah is heavily wounded.
Jeremiah misses you.
You closely miss Jeremiah.
Jeremiah is heavily wounded.
The butterfly disappears in a burst of colours!
Jeremiah lets out a twisted cry.
Something smites you!
You hit Jeremiah.
Jeremiah is severely wounded.
The butterfly disappears in a burst of colours! x2
You hit Jeremiah but do no damage.
Jeremiah is severely wounded.
Jeremiah hits you with a +3 trident of draining.
You feel drained.
* * * LOW HITPOINT WARNING * * *
Your hellwing closely misses the butterfly.
Your hellwing hits the butterfly!
The butterfly dies!
The butterfly disappears in a burst of colours!
Jeremiah hits you from afar with a +3 trident of draining.
* * * LOW HITPOINT WARNING * * *
You feel drained.
You swap places.
The butterfly disappears in a burst of colours!
Your hellwing barely misses the butterfly. x2
Jeremiah asks, "Am I dreaming?
Is this real?"
The butterfly disappears in a burst of colours! x3
Your hellwing hits the butterfly.
The butterfly dies!
The butterfly disappears in a burst of colours!
Jeremiah throws their arms up pleadingly.
Something smites you!
You die...
Jeremiah asks, "What happened?
Did... did you die?"
Your body disappears without a glow.

############# #...........#
###### #..b........# #.....
#...........# #.....
#.F..b...<..# #.....
###bbb.bb.....# #..... ######
#..b.4bb.bb...#####..... .....#
#...bb........b...'..... .....#
#......@b.....#####.....
.....#####.#...............#.....
.....##..#.#...............######
.....##..#.###'#######.....# #
.....##..#.###.# #.....# #
......÷.......)# #.....# #
###.####.#..#### #.....# #
#.####.#..##########.....# #
###.#...>............'.....######


You could see Jeremiah (ally target) and a friendly hellwing (summoned).

Vanquished Creatures
  Gastronok (D:8)
  A two-headed ogre (D:8)
  Eustachio (D:4)
  3 yaks (D:5)
  2 wyverns
  A steam dragon (D:7)
  Menkaure (D:7)
  An acid dragon (D:8)
  2 water moccasins (D:8)
  2 ice beasts (D:6)
  2 black bears
  2 sky beasts (D:6)
  2 wolves (D:8)
  2 ogres (D:5)
  3 centaurs
  A phantom (D:7)
  A kobold brigand (D:6)
  A scorpion (D:5)
  2 wights
  A howler monkey (D:6)
  2 bombardier beetles
  7 hounds
  A jelly (D:6)
  3 orc priests
  4 iguanas
  Jessica (D:3)
  3 sleepcaps
  Terence (D:3)
  5 orc wizards
  12 adders
  7 gnolls
  2 shadow imps
  3 white imps
  2 dart slugs
  3 ribbon worms
  17 orcs
  5 endoplasms
  4 giant cockroaches
  6 goblins
  8 hobgoblins
  3 quokkas
  11 ball pythons
  5 frilled lizards
  7 kobolds
  9 rats
163 creatures vanquished.

Vanquished Creatures (collateral kills)
  A two-headed ogre (D:8)
  A fire crab (D:8)
  A hornet (D:7)
  Grum (D:8)
  A wolf (D:8)
  2 wights (D:8)
  A bombardier beetle (D:6)
  2 orc priests
  A sleepcap (D:8)
  A shadow imp (D:6)
  10 orcs
22 creatures vanquished.

Grand Total: 185 creatures vanquished

Notes
Turn   | Place    | Note
-------+----------+-------------------------------------------
     0 | D:1      | PidgeyThePirate the Demonspawn Gladiator began the quest
                  | for the Orb.
     0 | D:1      | Reached XP level 1. HP: 16/16 MP: 1/1
   209 | D:1      | Reached skill level 1 in Invocations
   239 | D:1      | Gained mutation: You are partially covered in thin metallic
                  | scales. (AC +2) [demonic ancestry]
   239 | D:1      | Reached XP level 2. HP: 17/22 MP: 2/2
   314 | D:1      | Reached skill level 3 in Short Blades
   672 | D:2      | Gained mutation: You are mostly covered in thin metallic
                  | scales. (AC +3) [demonic ancestry]
   672 | D:2      | Reached XP level 3. HP: 27/27 MP: 4/4
  1386 | D:3      | Reached skill level 1 in Armour
  1386 | D:3      | Gained mutation: You are completely covered in thin
                  | metallic scales. (AC +4, rElec) [demonic ancestry]
  1386 | D:3      | Reached XP level 4. HP: 33/33 MP: 5/5
  1552 | D:3      | Noticed Terence
  1558 | D:3      | Killed Terence
  1671 | D:3      | Found Watuups's Antique Armour Shop.
  1736 | D:3      | Noticed Jessica
  1758 | D:3      | Killed Jessica
  1759 | D:3      | Gained mutation: A weak demonic guardian rushes to your
                  | aid. [demonic ancestry]
  1759 | D:3      | Reached XP level 5. HP: 31/38 MP: 6/6
  1794 | D:3      | Found an opulent altar of Gozag.
  2010 | D:3      | Found a faded altar of an unknown god.
  2053 | D:3      | Reached skill level 4 in Short Blades
  2417 | D:4      | Identified the +1 robe of Lucidity {Fly rPois rF+ Int+3}
  2613 | D:4      | Noticed Eustachio
  2630 | D:4      | Found Syohotet's Book Boutique.
  2676 | D:4      | Killed Eustachio
  2677 | D:4      | Gained mutation: A demonic guardian rushes to your aid.
                  | [demonic ancestry]
  2677 | D:4      | Reached XP level 6. HP: 21/46 MP: 8/8
  2842 | D:4      | Reached skill level 5 in Short Blades
  2913 | D:4      | Found Tothosyo's Assorted Antiques.
  3314 | D:5      | Entered Level 5 of the Dungeon
  3475 | D:5      | Reached XP level 7. HP: 23/51 MP: 9/9
  3595 | D:5      | Identified the +2 robe of the Pit {rN+ Int+3 Archmagi}
  3611 | D:5      | Noticed a yak
  3614 | D:5      | Noticed a yak
  3625 | D:5      | Noticed a yak
  3632 | D:5      | Killed a yak
  3642 | D:5      | Killed a yak
  3643 | D:5      | Reached skill level 6 in Short Blades
  3644 | D:5      | Killed a yak
  3645 | D:5      | Reached XP level 8. HP: 34/58 MP: 9/11
  3984 | D:5      | Reached skill level 7 in Short Blades
  4042 | D:5      | Found a sacrificial altar of Ru.
  4191 | D:4      | Reached skill level 5 in Invocations
  4444 | D:5      | Found a snail-covered altar of Cheibriados.
  5080 | D:6      | Reached skill level 8 in Short Blades
  5270 | D:6      | Gained mutation: You have a pair of small antennae on your
                  | head. [demonic ancestry]
  5270 | D:6      | Reached XP level 9. HP: 40/65 MP: 13/13
  6119 | D:7      | Found a burning altar of Makhleb.
  6135 | D:7      | Reached skill level 1 in Stealth
  6307 | D:7      | Noticed Menkaure
  6327 | D:7      | Killed Menkaure
  6328 | D:7      | Reached skill level 9 in Short Blades
  6454 | D:7      | Found a staircase to the Ecumenical Temple.
  6496 | Temple   | Entered the Ecumenical Temple
  6545 | Temple   | Became a worshipper of Nemelex Xobeh the Trickster
  6672 | D:7      | Found a stormy altar of Qazlal.
  7117 | D:8      | Found Hiomib's Jewellery Shop.
  7416 | D:8      | Noticed a brown ugly thing
  7417 | D:8      | Noticed a komodo dragon
  7560 | D:8      | Noticed Gastronok
  7609 | D:8      | Killed Gastronok
  7610 | D:8      | Reached skill level 5 in Armour
  7610 | D:8      | Reached skill level 5 in Dodging
  7610 | D:8      | Reached XP level 10. HP: 54/73 MP: 15/15
  7775 | D:8      | Noticed Jeremiah
  7808 | D:8      | Noticed a two-headed ogre
  7844 | D:8      | Killed a two-headed ogre
  7845 | D:8      | Reached skill level 5 in Fighting
  7845 | D:8      | Reached skill level 10 in Short Blades
  8002 | D:8      | Noticed Grum
  8030 | D:8      | Killed Grum
  8411 | D:8      | Found a staircase to the Lair.
  8412 | D:8      | Noticed a fire crab
  8434 | D:8      | Killed a fire crab
  8830 | D:9      | Noticed a two-headed ogre
  9365 | D:8      | Killed a two-headed ogre
  9585 | D:8      | Killed from afar by Jeremiah

Illustrated notes

Levels and vault maps discovered:
D:1:      dpeg_arrival_snail, layout_rooms, minmay_misc_feat_square
D:2:      layout_loops_cross
D:3:      layout_basic, lemuel_coloured_pillars_altar, serial_shops,
          nicolae_shop_tiny_real_fake_doors,
          dreamdust_ecumenical_altar_hidden_monk_grotto, uniq_jessica,
          uniq_terence
D:4:      layout_loops_cross, serial_shops, shop, shop, uniq_eustachio
D:5:      layout_loops_ring, nicolae_overflow_squiral, serial_glass,
          glass_columns_a, glass_columns_b, serial_park_tiny_1,
          hangedman_minor_gate_pass
D:6:      layout_loops_ring
D:7:      layout_rooms, nicolae_qazlal_style_of_elements,
          mainiacjoe_overflow_six_doors_small,
          minmay_temple_entry_enclosed_plants, uniq_menkaure
D:8:      layout_basic, minmay_lair_entry_lava, serial_shops,
          nicolae_shop_temple_entry_statues_fountains, lightli_corner_chamber,
          uniq_grum, uniq_gastronok, uniq_jeremiah
D:9:      nicolae_hitomezashi [nicolae_hito_row, nicolae_hito_row,
          nicolae_hito_row, nicolae_hito_row, nicolae_hito_row,
          nicolae_hito_row, nicolae_hito_row, nicolae_hito_row,
          nicolae_hito_row, nicolae_hito_row, nicolae_hito_row,
          nicolae_hito_row, nicolae_hito_row, nicolae_hito_row,
          nicolae_hito_row, nicolae_hito_row, nicolae_hito_row,
          nicolae_hito_row], layout_loops_cross, mainiacjoe_overflow_brackets,
          hangedman_decor_clover_reticule
Temple:   regret_index_temple_generic_petals

Skill      XL: |  1  2  3  4  5  6  7  8  9 10 |
---------------+-------------------------------+-----
Invocations    | 1 2 3 4 5 7 8 |  8.8
Short Blades   | 3 4 5 6 8 9 10 | 10.0
Armour         | 1 2 3 4 5 |  5.1
Dodging        | 3 4 5 6 |  6.3
Fighting       | 3 4 6 |  6.2
Stealth        | 2 4 |  4.3
Throwing       | |  1.9

Action                     |  1- 3 |  4- 6 |  7- 9 | 10-12 || total
---------------------------+-------+-------+-------+-------++-------
  Melee: Rapier            |   153 |   197 |   333 |    81 ||   764
         Punch             |     2 |     3 |     6 |     3 ||    14
         Dagger            |       |       |    41 |    63 ||   104
    Use: Potion            |       |     6 |     8 |     2 ||    16
         Scroll            |       |       |     1 |       ||     1
   Stab: Distracted        |       |     1 |     2 |       ||     3
         Sleeping          |       |       |     2 |     2 ||     4
 Armour: Ring mail         |   114 |   120 |   213 |       ||   447
         Leather armour    |     1 |       |       |       ||     1
         Steam dragon scal |       |       |    49 |    82 ||   131
         Skin              |       |       |     4 |       ||     4
  Dodge: Dodged            |   127 |   128 |   220 |   101 ||   576

Table legend: (Time is in decaauts)
 A = Elapsed time spent in this place.
 B = Non-inter-level travel time spent in this place.
 C = Inter-level travel time spent in this place.
 D = Time resting spent in this place.
 E = Time spent auto-exploring this place.
 F = Levels seen in this place.
 G = Mean time per level.
                   A        B        C        D        E       F      G
               +--------+--------+--------+--------+--------+-----+--------+
         Total |   9457 |   9210 |    247 |      0 |   6995 |  10 |  945.7 |
       Dungeon |   9365 |   9207 |    158 |      0 |   6995 |   9 | 1040.6 |
        Temple |     91 |      2 |     89 |      0 |      0 |   1 |   91.0 |
               +--------+--------+--------+--------+--------+-----+--------+

Top non-repeatable levels by time:
     D:8: 2109 daAuts
     D:7: 1298 daAuts
     D:6: 1215 daAuts
     D:5: 1162 daAuts
     D:4: 1097 daAuts
     D:3: 1046 daAuts
     D:2: 797 daAuts
     D:1: 579 daAuts
  Temple: 91 daAuts
     D:9: 57 daAuts
